AoeStats
← JoackoMaga

Fortress

510370698Analyzed
1v1 RM · 2d ago on Sep 30, 2026· 16m 44s· 2 players
Game mode
Random Map
Map size
Small (3 player)
Population
200
Speed
Normal
Resources
Standard
Victory
Conquest
Starting age
Dark Age
Ending age
Imperial Age
RankedLock teamsTeams togetherTeam positionsShared explorationLock speedFull tech treeHidden civsTurbo modeCheats
Victory
Defeat
🇦🇷 Danes · Argentina
952
+18
🇨🇿 Vikings · Czechia
992
-18
JoackoMaga
9:11 Feudal Age
9:17 Loom
10:19 Arson
12:35 Castle Age
11:17 Forging
13:10 Scale Mail Armor
14:03 Iron Casting
14:38 Squires
DelugeRS
6:48 Feudal Age
11:35 Castle Age
9:59 Double-Bit Axe
10:36 Horse Collar
11:38 Scale Mail Armor
Connection lost

Rejoining the realm…

Still unreachable

The connection could not be restored.

Session expired

The server has moved on; the page needs a fresh start.